 Dungeon Sprint DCSS version 0.24.0-125-gc4c63601f3 (webtiles) character file.

Game seed: 9981759791450023371, levelgen mode: deterministic

0 Ponchio the Digger (level 1, 11/11 HPs)
             Began as an Octopode Earth Elementalist on Mar 16, 2020.
             Got out of the dungeon alive.
             The game lasted 00:01:32 (40 turns).

Ponchio the Digger (Octopode Earth Elementalist)      Turns: 40, Time: 00:01:32

Health: 11/11      AC:  1    Str: 11    XL:     1   Next: 20%
Magic:  3/3        EV: 14    Int: 17    God:
Gold:   20         SH:  0    Dex: 15    Spells: 3/4 levels left

rFire    + . .     SeeInvis .   (no weapon)
rCold    x . .     Gourm    .   (no shield)
rNeg     + + .     Faith    .   (helmet restricted)
rPois    .         Spirit   .   (no amulet)
rElec    +         Reflect  .   m - ring "Dara" {*Contam MR+ Str+2 Dex+3}
rCorr    .         Harm     .   n - ring of Faecsuv {+Fly rN+}
MR       +....     NoTele   +   o - ring of Itema {*Slow rElec rN+ Stlth-}
Stlth    ++........             p - ring "Ofaul" {Fire Str+2}
HPRegen  0.03/turn              (no ring)
MPRegen  0.08/turn              (no ring)
                                (no ring)
                                (no ring)

@: no status effects
A: almost no armour, stealthy swim, amphibious, 8 rings, constrict 8, camouflage
1, gelatinous body 1
a: Evoke Flight


You escaped.
You were not hungry.

You visited 1 branch You collected 200 gold pieces.
You spent 180 gold pieces at shops.

Inventory:

Missiles
 b - 30 stones (quivered)
Jewellery
 m - the ring "Dara" (left tentacle) {*Contam MR+ Str+2 Dex+3}
   (You bought it in a shop in the Dungeon)

   [ring of dexterity]

   It affects your strength (+2).
   It affects your dexterity (+3).
   It affects your resistance to hostile enchantments.
   It causes magical contamination when unequipped.
 n - the ring of Faecsuv (right tentacle) {+Fly rN+}
   (You bought it in a shop in the Dungeon)

   [ring of positive energy]

   It protects you from negative energy.
   It lets you fly.
 o - the ring of Itema (on tentacle) {*Slow rElec rN+ Stlth-}
   (You bought it in a shop in the Dungeon)

   [ring of attention]

   It insulates you from electricity.
   It protects you from negative energy.
   It may slow you when you take damage.
   It makes you less stealthy.
 p - the ring "Ofaul" (on tentacle) {Fire Str+2}
   (You bought it in a shop in the Dungeon)

   [ring of fire]

   It enhances your fire magic.
   It affects your strength (+2).
   It protects you from fire.
   It makes you vulnerable to cold.
Wands
 j - a wand of acid (5)
 k - a wand of iceblast (5)
Scrolls
 i - 4 scrolls of blinking
 l - 3 scrolls of fog
Potions
 a - a potion of resistance
 d - a potion of curing
 e - 4 potions of heal wounds
 f - 4 potions of haste
 g - 2 potions of magic
 h - a potion of berserk rage
Comestibles
 c - a ration


   Skills:
 + Level 2.1 Dodging
 + Level 2.8 Stealth
 + Level 2.3 Spellcasting
   Level 1.0 Transmutations
 + Level 3.3 Earth Magic


You had 3 spell levels left.
You knew the following spells:

 Your Spells              Type           Power        Failure   Level  Hunger
a - Sandblast             Erth           ##....       4%          1    #......

Your spell library contained the following spells:

 Spells                   Type           Power        Failure   Level  Hunger
 Passwall                 Tmut/Erth      #.......     12%         2    ###....
 Stone Arrow              Conj/Erth      #.....       28%         3    ###....
 Petrify                  Tmut/Erth      #.......     61%         4    #####..
 Lee's Rapid Deconstruct  Erth           ##........   80%         5    ######.


Dungeon Overview and Level Annotations

Branches:
Dungeon (1/1)

Altars:
Dithmenos
Fedhas
Gozag
Okawaru
Qazlal
Yredelemnul
Zin
Beogh

Shops:
D *[%?


Innate Abilities, Weirdness & Mutations

You cannot wear most types of armour.
You are very stealthy in the water. (Stealth+)
You are amphibious.
You can wear up to eight rings at the same time.
You can use your tentacles to constrict eight enemies at once.
Your skin changes colour to match your surroundings (Stealth+).
Your rubbery body absorbs attacks. (AC +1, EV +1)


Message History

You tentacle-slap the bat skeleton. You grab the bat skeleton.
The bat skeleton is moderately damaged.
You constrict the bat skeleton.
The bat skeleton hits you but does no damage.
The bat skeleton barely misses you. The bat skeleton completely misses you.
You barely miss the bat skeleton.
The bat skeleton is heavily damaged.
You constrict the bat skeleton. The bat skeleton completely misses you.
The bat skeleton misses you. x2
You tentacle-slap the bat skeleton.
The bat skeleton is severely damaged.
You constrict the bat skeleton.
You destroy the bat skeleton!
Welcome back, Ponchio the Octopode Earth Elementalist.
Press ? for a list of commands and other information.
A frilled lizard comes into view.
The frilled lizard hisses angrily.
There is a staircase leading out of the dungeon here.
Are you sure you want to leave the Dungeon?
This will make you lose the game!
You have escaped!

#_.......
###.........###
#§...........⌠#
######.8.........8.#
##∩___......# ......
###∩........8.# .8...
##............l###.....
#⌠..........###...#
#⌠..........# #.@.#
#⌠..........# #...#
##.............###..
###∩........8.# .8..
##∩___......# ......
######.8.... ...8.#
#⌠..... ....⌠# ###....
...###


You could see a frilled lizard.

Vanquished Creatures
  A bat skeleton (D)
1 creature vanquished.

Notes
Turn   | Place    | Note
-------+----------+-------------------------------------------
     0 | D        | Ponchio the Octopode Earth Elementalist began the quest for
                  | the Orb.
     0 | D        | Reached XP level 1. HP: 11/11 MP: 3/3
     3 | D        | Found a shadowy altar of Dithmenos.
     3 | D        | Found a blossoming altar of Fedhas.
     4 | D        | Found a basalt altar of Yredelemnul.
     4 | D        | Found a stormy altar of Qazlal.
     5 | D        | Found an opulent altar of Gozag.
     5 | D        | Found a roughly hewn altar of Beogh.
     5 | D        | Round 1.
     6 | D        | Found Fomonaga's Delicious Food.
     6 | D        | Found an iron altar of Okawaru.
     6 | D        | Found a glowing silver altar of Zin.
     6 | D        | Found Rerhiff's Identification Station.
     7 | D        | Found Caolow's Jewellery.
     7 | D        | Found Ygott's Advanced Armour.
    15 | D        | Bought a coiled gossamer ring for 45 gold pieces
    15 | D        | Bought a crude glass ring for 45 gold pieces
    15 | D        | Bought a flickering pewter ring for 45 gold pieces
    15 | D        | Bought a wavering tin ring for 45 gold pieces
    15 | D        | Identified the ring "Dara" {*Contam MR+ Str+2 Dex+3} (You
                  | bought it in a shop in the Dungeon)
    16 | D        | Identified the ring of Faecsuv {+Fly rN+} (You bought it in
                  | a shop in the Dungeon)
    17 | D        | Identified the ring of Itema {*Slow rElec rN+ Stlth-} (You
                  | bought it in a shop in the Dungeon)
    18 | D        | Identified the ring "Ofaul" {Fire Str+2} (You bought it in
                  | a shop in the Dungeon)
    40 | D        | Got out of the dungeon alive.

Levels and vault maps discovered:
D:        arena_sprint

Action                   || total
-------------------------++-------
Melee: Unarmed           ||     3
       Constrict         ||     1
Armor: Skin              ||     1
Dodge: Dodged            ||     7
